Map: Frostline LE

Players

Killa - Winner!

  • Race: Protoss Protoss
  • League: Master
  • Spawn Location: 7:00

A.I. 1 (Very Easy)

  • Race: Zerg Zerg
  • Spawn Location: 1:00

VOD

Have the link to the VOD?

Description

Hey there. Although being a difficult to execute build. I do believe that this is probably one of the safest openings vs Zerg at the moment. The double oracle allows us to kill drones, slow down creep as well as defend vs any ling bane/roach/hydra pressure and all ins.

If the Zerg decides to macro, we will be able to slow him down quite a bit by Killing drones and creep. And force him to produce units at the 6.30 mark, because our push is going to hit at 7 Minutes.
The goal is to move out with the 2 Oracles and 12 blink Stalkers (which you can add more if you feel like you can keep gettting value from them, although on higher levels I do not recommend it). The goal is not to kill your opponent, but to shave off units for free, while keeping the Stalkers and the oracles alive. The oracles will be used for Stasis wards as well as activate their pulsar beam, which allows us to kill Zerglings.
It is vitally important to get the storm timing as the double robo down quite fast, because Lurkers are a hard timer to beat. As soon as the double robo finishes, we want to start an obs and Immortals. Get around 6ish Templars and use energy recharge on the nexus frequently.
On the 4th base, take your gasses as quickly as possible.
At around 9.30-10.00, we want to get our 2nd stargate + fleet beacon, with the goal of getting either carriers or tempests. I prefer the latter, because its a much more powerful but difficult way to play.

I hope this serves you well!

Gl hf!

Time

  • Played on: Jan. 30, 2025, 4:52 a.m.
  • Length: 10:53
Show
View Real Time Build Order
Export as new Build Order

Killa Protoss - Winner!

Build Orders: 1 Gate Expand, Oracle Opening, Archon Immortal 

Get SALT Encoding   

  12  0:00  Probe  
  13  0:12  Probe  
  14  0:20  Pylon  
  14  0:24  Probe  
  15  0:35  Probe  
  15  0:39  Gateway  
  16  0:43  Probe  
  16  0:46  Assimilator  
  17  0:52  Probe  
  18  1:05  Probe  
  19  1:17  Probe  
  20  1:27  Nexus  
  20  1:38  Cybernetics Core  
  20  1:47  Assimilator, Probe  
  20  1:51  Pylon  
  21  1:58  Probe  
  22  2:04  Adept  
  22  2:06  Probe  
  22  2:14  Probe  
  25  2:19  Stargate  
  26  2:25  Probe  
  26  2:29  Warp Gate  
  27  2:35  Adept  
  27  2:36  Probe  
  29  2:38  Probe  
  29  2:44  Probe  
  31  2:50  Probe  
  33  2:54  Probe  
  33  2:56  Oracle  
  34  3:02  Probe  
  34  3:03  Gateway  
  38  3:07  Probe  
  39  3:14  Probe  
  39  3:19  Probe  
  41  3:26  Adept, Probe  
  44  3:29  Pylon  
  44  3:31  Probe  
  45  3:38  Probe  
  46  3:47  Nexus, Probe  
  47  3:51  Shield Battery  
  47  3:55  Probe  
  48  3:58  Pylon  
  48  3:59  Probe  
  48  4:00  Oracle  
  52  4:07  Probe  
  53  4:11  Probe, Assimilator  
  53  4:13  Assimilator  
  53  4:15  Twilight Council  
  54  4:19  Probe  
  54  4:23  Probe  
  55  4:24  Forge  
  55  4:27  Probe  
  55  4:31  Probe  
  56  4:35  Blink, Gateway, Probe  
  56  4:38  Protoss Ground Weapons Level 1  
  58  4:39  Probe  
  58  4:42  Gateway  
  60  4:45  Probe  
  60  4:50  Gateway  
  60  4:51  Gateway  
  61  5:01  Probe x2  
  61  5:03  Probe  
  64  5:13  Probe  
  64  5:14  Probe  
  66  5:18  Pylon, Probe  
  67  5:21  Pylon  
  67  5:25  Stalker x2, Probe  
  67  5:26  Probe  
  73  5:30  Pylon, Probe  
  74  5:37  Probe  
  74  5:38  Stalker x2, Probe  
  80  5:44  Templar Archives  
  80  5:45  Stalker  
  80  5:47  Stalker  
  80  5:49  Probe  
  85  5:51  Pylon  
  85  5:53  Probe x2  
  87  6:01  Probe  
  88  6:08  Stalker x5  
  98  6:14  Pylon  
  98  6:20  Stalker  
  98  6:22  Probe x3  
  98  6:24  Psionic Storm  
  103  6:34  Probe  
  103  6:35  Robotics Facility x2  
  103  6:37  Assimilator  
  103  6:39  Probe x2  
  106  6:43  Assimilator  
  106  6:49  Gateway  
  106  6:51  Charge  
  106  6:52  Protoss Ground Weapons Level 2, Gateway  
  106  6:54  Pylon  
  106  6:56  Pylon  
  106  7:05  Zealot x5  
  106  7:08  Nexus  
  116  7:13  Shield Battery  
  116  7:15  Photon Cannon  
  116  7:16  Immortal  
  116  7:18  Pylon  
  116  7:22  Observer  
  116  7:23  Probe x2  
  116  7:29  High Templar x2  
  127  7:39  Probe x3  
  130  7:46  High Templar x2, Warp Prism  
  136  7:57  Immortal  
  140  8:00  Probe  
  140  8:02  Assimilator  
  140  8:05  Assimilator  
  141  8:06  Pylon  
  141  8:08  Pylon  
  141  8:10  Pylon  
  141  8:12  Pylon  
  141  8:13  Pylon  
  143  8:20  Probe x2  
  143  8:23  Immortal  
  147  8:29  High Templar x2  
  151  8:36  Immortal  
  155  8:42  High Templar x2, Zealot  
  155  8:43  Zealot x2  
  165  8:48  Gateway  
  165  8:51  Gateway  
  165  8:52  Archon, Gateway  
  165  8:53  Pylon  
  165  8:55  Gateway  
  165  8:57  Pylon  
  165  8:58  Pylon  
  165  8:59  Shield Battery  
  165  9:01  Photon Cannon  
  165  9:02  Immortal, Photon Cannon  
  169  9:03  Photon Cannon  
  169  9:06  Photon Cannon  
  169  9:11  High Templar x4  
  169  9:12  Zealot  
  169  9:13  Zealot  
  169  9:15  Archon x2  
  181  9:22  Shield Battery  
  181  9:29  Photon Cannon x2  
  181  9:31  Pylon  
  181  9:35  Fleet Beacon  
  181  9:45  Stargate  
  181  9:51  Shield Battery  
  181  9:53  Photon Cannon  
  181  9:54  Photon Cannon  
  181  9:56  Photon Cannon  
  181  9:57  Pylon  
  181  10:21  Zealot x3  
  181  10:22  Zealot x6  
  199  10:47  Nexus  
Show
View Real Time Build Order
Export as new Build Order

A.I. 1 (Very Easy) Zerg 

Build Orders: Hatch First 

Get SALT Encoding   

  12  0:01  Drone  
  13  0:12  Overlord  
  13  0:16  Drone  
  14  0:41  Hatchery  
  13  0:43  Drone  
  14  1:01  Spawning Pool  
  14  1:03  Drone  
  14  1:08  Extractor  
  14  1:10  Drone  
  14  1:18  Overlord  
  14  1:47  Queen  
  14  1:49  Zergling x2  
  14  1:51  Zergling x2  
  18  2:01  Roach Warren  
  18  2:05  Drone  
  18  2:08  Extractor  
  18  2:13  Drone  
  18  2:17  Zergling x2  
  18  2:21  Drone  
  20  2:29  Drone  
  21  2:36  Drone  
  22  2:43  Drone  
  23  2:50  Drone  
  24  2:57  Drone  
  25  3:04  Drone  
  25  3:05  Roach  
  28  3:11  Overlord  
  28  3:15  Drone  
  29  3:22  Drone  
  30  3:30  Drone  
  31  3:37  Drone  
  32  3:44  Drone  
  32  3:46  Overlord  
  33  3:51  Drone  
  33  3:52  Roach  
  33  3:55  Lair  
  36  3:58  Drone  
  37  4:05  Drone  
  38  4:13  Drone  
  39  4:20  Drone  
  40  4:27  Drone  
  40  4:28  Overlord  
  41  4:34  Drone  
  42  4:39  Roach  
  42  4:41  Drone  
  45  4:49  Drone  
  45  4:52  Overseer  
  46  4:53  Overseer  
  46  4:56  Drone  
  47  5:01  Extractor  
  47  5:03  Drone, Extractor  
  46  5:10  Drone  
  47  5:18  Drone  
  48  5:25  Drone  
  48  5:26  Roach  
  46  5:32  Drone  
  45  5:39  Drone  
  44  6:13  Zergling x2  
  45  7:00  Overseer  
  45  7:01  Overlord, Roach  
  44  7:48  Roach  
  46  8:35  Zergling x2  
  46  8:39  Overlord, Overseer  
  47  9:22  Roach  
  49  10:10  Roach  
  51  10:17  Overseer  
  51  10:18  Overlord  
  51  10:19  Overlord  
  44  10:30  Overseer  
  44  10:32  Drone  
Tags
 
Add a new tag
Caveats
  • Supply blocks, unpowered buildings, or Contaminate may cause inaccurate times.
  • Supply counts are checked every 10 seconds.